 Dungeon Crawl Stone Soup version 0.27.1-35-g4d5d836560 (webtiles) character file.

Game seed: 3546178132411638505

734 Kniotic the Insei (level 7, -3/51 (52) HPs)
             Began as a Demonspawn Monk on Mar 7, 2022.
             Slain by Crazy Yiuf (6 damage)
             ... on level 5 of the Dungeon.
             The game lasted 00:11:09 (7383 turns).

Kniotic the Insei (Demonspawn Monk)                 Turns: 7383, Time: 00:11:09

HP:   -3/51 (52)    AC:  7    Str: 11    XL:     7   Next: 45%
MP:   8/8           EV: 12    Int: 11    God:
Gold: 246           SH:  0    Dex: 18    Spells: 7/8 levels left

rFire    + . .     SeeInvis .     - Unarmed
rCold    . . .     Faith    .   (no shield)
rNeg     . . .     Spirit   .   b - +0 ring mail
rPois    .         Reflect  .   t - +0 helmet
rElec    .         Harm     .   (no cloak)
rCorr    .         Rampage  .   (no gloves)
Will     .....                  i - +0 pair of boots
Stlth    +.........             p - amulet of the acrobat
HPRegen  0.17/turn              n - ring of protection from fire
MPRegen  0.11/turn              (no ring)

@: lightly drained
A: foul stench 1, demonic magic 1
a: no special abilities


You were on level 5 of the Dungeon.
You visited 1 branch of the dungeon, and saw 5 of its levels.

You collected 246 gold pieces.

Inventory:

Missiles
 q - 21 poisoned darts (quivered)
 r - 6 datura-tipped darts
Armour
 b - a +0 ring mail (worn)
 i - a +0 pair of boots (worn)
 t - a +0 helmet (worn)
Jewellery
 n - a ring of protection from fire (left hand)
 p - an amulet of the acrobat (around neck)
Wands
 s - a wand of flame (16)
Scrolls
 a - a scroll of silence {unknown}
 d - 2 scrolls of vulnerability {unknown}
 e - 2 scrolls of noise {unknown}
 f - 2 scrolls of immolation
 j - a scroll of torment {unknown}
 k - 3 scrolls of teleportation
 l - a scroll of holy word {unknown}
 o - a scroll of magic mapping {unknown}
Potions
 c - a potion of magic
 g - a potion of mutation {unknown}
 h - a potion of curing
 m - 2 potions of brilliance
 u - 2 potions of attraction {unknown}


   Skills:
 - Level 3.0 Fighting
 + Level 3.6 Dodging
 - Level 1.7 Stealth
 - Level 6.0 Unarmed Combat
 - Level 1.1 Spellcasting
 + Level 4.7 Conjurations


You had 7 spell levels left.
You knew the following spells:

 Your Spells              Type           Power      Damage    Failure   Level
a - Magic Dart            Conj           44%        1d5       11%         1

Your spell library contained the following spells:

 Spells                   Type           Power      Damage    Failure   Level
 Call Imp                 Summ           0%         N/A       75%         2
 Mephitic Cloud           Conj/Pois/Air  4%         N/A       77%         3
 Airstrike                Air            0%         N/A       100%        4
 Conjure Ball Lightning   Conj/Air       2%         3x3d6     100%        6
 Spellforged Servitor     Conj/Summ      2%         N/A       100%        7


Dungeon Overview and Level Annotations

Branches:
Dungeon (5/15)             Temple (0/1) D:4

Altars:
Ashenzari
Fedhas

Annotations:
D:3 3 runed translucent doors, Ijustatesigmund's ghost, amateur GrFi
D:5 Blork the orc; Crazy Yiuf


Innate Abilities, Weirdness & Mutations

You may rarely emit foul miasma when damaged in melee.
Spells you cast may paralyse adjacent enemies.


Message History

Crazy Yiuf freezes you.
You hit Crazy Yiuf but do no damage.
Crazy Yiuf is lightly wounded.
Crazy Yiuf flaps his cloak.
Crazy Yiuf hits you with a +4 quarterstaff of chaos.
You punch Crazy Yiuf!
Crazy Yiuf is heavily wounded.
You barely miss Crazy Yiuf.
Crazy Yiuf is heavily wounded.
Crazy Yiuf drinks a potion.
Crazy Yiuf suddenly seems more resistant.
You hit Crazy Yiuf. You punch Crazy Yiuf.
Crazy Yiuf is severely wounded.
Crazy Yiuf whimpers, "Rot!"
Crazy Yiuf misses you.
You hit Crazy Yiuf.
Crazy Yiuf is almost dead.
Crazy Yiuf completely misses you.
You closely miss Crazy Yiuf.
Crazy Yiuf is almost dead.
Crazy Yiuf hits you with a +4 quarterstaff of chaos!
You hit Crazy Yiuf but do no damage.
Crazy Yiuf is almost dead.
Crazy Yiuf grits, "Gnoll spinner poople!"
Crazy Yiuf hits you with a +4 quarterstaff of chaos!
* * * LOW HITPOINT WARNING * * *
You convulse.
* * * LOW HITPOINT WARNING * * *
You closely miss Crazy Yiuf.
Crazy Yiuf is almost dead.
Crazy Yiuf barely misses you.
You barely miss Crazy Yiuf.
Crazy Yiuf is almost dead.
Crazy Yiuf hits you but does no damage.
You feel drained.
You hit Crazy Yiuf but do no damage.
Crazy Yiuf is almost dead.
Crazy Yiuf hits you with a +4 quarterstaff of chaos!
* * * LOW HITPOINT WARNING * * *
You convulse.
You die...

#.# #..<.........#.#
#.# ###########.##.#
#.# #....# #.# ####.#
#(# #.# # #.# #.#### #
#.# ### ♣#####..... #
#.# #)..#♣♣
♣♣♣.)....###. ######.#
#...g@♣♣♣♣.)....#.....
#......#
#...#♣..♣......######.
#.###..# ###
♣♣♣.♣...)## ## #. #..#
♣♣♣♣♣### # # ... ##.#
# #.... #..####
################ ....l
......#
#............... #...
#.##..#
##.#########.###
##..o##.##.!# #)# #.#
#


You could see Crazy Yiuf (resistant).

Vanquished Creatures
  A phantom (D:5)
  A scorpion (D:5)
  A bullfrog zombie (D:5)
  A jelly (D:5)
  5 hounds
  3 iguanas
  A centaur skeleton (D:3)
  2 orc wizards
  A hound skeleton (D:5)
  Robin (D:4)
  8 gnolls
  3 adders
  A white imp (D:5)
  An adder skeleton (D:5)
  A worm (D:3)
  14 orcs
  3 bats
  8 endoplasms
  A giant cockroach (D:2)
  13 goblins
  7 hobgoblins
  7 kobolds
  2 quokkas
  4 ball pythons
  4 frilled lizards
  4 rats (D:1)
98 creatures vanquished.

Notes
Turn   | Place    | Note
-------+----------+-------------------------------------------
     0 | D:1      | Kniotic the Demonspawn Monk began the quest for the Orb.
     0 | D:1      | Reached XP level 1. HP: 18/18 MP: 1/1
    63 | D:1      | Reached skill level 3 in Unarmed Combat
   355 | D:1      | Gained mutation: Spells you cast may paralyse adjacent
                  | enemies. [demonic ancestry]
   355 | D:1      | Reached XP level 2. HP: 24/24 MP: 2/2
  1832 | D:2      | Reached XP level 3. HP: 29/29 MP: 3/3
  2315 | D:3      | Reached skill level 4 in Unarmed Combat
  2346 | D:3      | Found a broken altar of Ashenzari.
  2560 | D:3      | Noticed Ijustatesigmund's ghost (amateur GrFi)
  2579 | D:3      | Found a runed translucent gate.
  2579 | D:3      | Found a runed translucent gate.
  2579 | D:3      | Found a runed translucent gate.
  2931 | D:3      | Reached XP level 4. HP: 35/35 MP: 4/4
  2942 | D:3      | Reached skill level 5 in Unarmed Combat
  3023 | D:3      | Found a blossoming altar of Fedhas.
  3101 | D:3      | Reached XP level 5. HP: 31/41 MP: 5/5
  3114 | D:3      | Learned a level 1 spell: Magic Dart
  3657 | D:4      | Reached skill level 1 in Spellcasting
  3920 | D:4      | Noticed Robin
  4158 | D:4      | Reached skill level 1 in Conjurations
  4474 | D:4      | Reached XP level 6. HP: 44/47 MP: 7/7
  4803 | D:4      | Killed Robin
  4863 | D:4      | Found a staircase to the Ecumenical Temple.
  5143 | D:3      | Reached skill level 6 in Unarmed Combat
  5421 | D:5      | Entered Level 5 of the Dungeon
  5491 | D:5      | Found a runed translucent door.
  5492 | D:5      | Noticed Crazy Yiuf
  5996 | D:5      | Noticed Blork the orc
  6047 | D:5      | Gained mutation: You may rarely emit foul miasma when
                  | damaged in melee. [demonic ancestry]
  6047 | D:5      | Reached XP level 7. HP: 47/52 MP: 8/8
  6075 | D:5      | Got Ofenyti's Tome of Feathery Calling
  7383 | D:5      | Slain by Crazy Yiuf

Illustrated notes

Levels and vault maps discovered:
D:1:      lightli_arrival_statuegarden, layout_basic, minivault_25
D:2:      layout_loops_corners
D:3:      layout_basic, ashenzari_altar_1, fedhas_altar_2,
          gammafunk_ghost_split, dk_noncrumbling_2, cheibrodos_gnoll_hut
D:4:      layout_layer_cave, minmay_temple_entry_purple_smoke, uniq_robin
D:5:      layout_loops_ring, uniq_crazy_yiuf_cottage, uniq_blork_the_orc

Skill      XL: |  1  2  3  4  5  6  7 |
---------------+----------------------+-----
Unarmed Combat | 3 4 5 6 |  6.0
Spellcasting   | 1 |  1.1
Conjurations   | 1 3 4 |  4.7
Dodging        | 3 |  3.6
Fighting       | |  3.0
Stealth        | |  1.7

Action                   |  1- 3 |  4- 6 |  7- 9 || total
-------------------------+-------+-------+-------++-------
Melee: Unarmed           |   141 |   261 |    83 ||   485
       Punch             |     2 |    11 |     6 ||    19
  Use: Scroll            |     4 |     2 |       ||     6
       Potion            |     1 |       |       ||     1
 Stab: Sleeping          |     3 |       |       ||     3
Armor: Ring mail         |    43 |    86 |    19 ||   148
Dodge: Dodged            |    67 |   130 |    33 ||   230
